 Dungeon Crawl Stone Soup version 0.18-a0-1171-ga8e22e7 (webtiles) character file.

10570 M4edhros the Covert (level 11, 0/63 HPs)
             Began as an Octopode Artificer on Jan 26, 2016.
             Was a Priest of Fedhas.
             Slain by a manticore (23 damage)
             ... on level 11 of the Dungeon.
             The game lasted 00:32:12 (11553 turns).

M4edhros the Covert (Octopode Artificer)           Turns: 11553, Time: 00:32:12

Health: 0/63       AC:  4    Str: 12    XL:     11   Next: 64%
Magic:  16/16      EV: 16    Int: 19    God:    Fedhas [***...]
Gold:   515        SH:  9    Dex: 10    Spells: 1 memorised, 4 levels left

rFire  + . .     SeeInvis .     j - +0 blowgun
rCold  + . .     Gourm    .     E - +0 shield
rNeg   + . .     Faith    .     (helmet restricted)
rPois  +         Spirit   .     (no amulet)
rElec  .         Dismiss  .     r - ring of positive energy
rCorr  .         Reflect  .     R - ring of protection from fire
SustAt .         Harm     .     (no ring)
MR     .....                    (no ring)
Stlth  +++++++...               (no ring)
                                (no ring)
                                (no ring)
                                (no ring)

@: manticore barbs, not resistant to hostile enchantments, extremely stealthy
A: almost no armour, amphibious, 8 rings, constrict 8, repulsion field 1, molten
scales 1, thin metallic scales 1, camouflage 1, blurry vision 1, clumsy 1, cold
resistance 1, poison resistance, regeneration 1, strong 1, gelatinous body 1,
evolution 1
a: Evolution, Sunlight, Growth, Renounce Religion


You were on level 11 of the Dungeon.
You worshipped Fedhas.
Fedhas was most pleased with you.
You were not hungry.

You visited 2 branches of the dungeon, and saw 12 of its levels.

You collected 773 gold pieces.
You spent 258 gold pieces at shops.

Inventory:

Hand Weapons
 g - a +5 hunting sling
 j - a +0 blowgun (weapon)
 u - a +1 flail of protection
 G - a +1 short sword of draining
 H - a +0 dagger of protection
 K - a +0 dagger of chaos
 Q - the +10 long sword of Subterfuge {freeze, rF+++ rC- rN++ Str-3}
   (You bought it in a shop on level 9 of the Dungeon)

   It has been specially enchanted to freeze those struck by it, causing extra
   injury to most foes and up to half again as much damage against particularly
   susceptible opponents.
   It can also slow down cold-blooded creatures.
   It affects your strength (-3).
   It renders you almost immune to fire.
   It makes you vulnerable to cold.
   It greatly protects you from negative energy.
Missiles
 h - 12 steel sling bullets
 k - 52 poisoned needles (quivered)
 l - 212 stones
 o - 5 throwing nets
 t - 37 sling bullets
Armour
 E - a +0 shield (worn)
Magical Staves
 n - an uncursed staff of air
Jewellery
 i - an uncursed amulet of magic regeneration {unknown}
 r - a ring of positive energy (left tentacle)
 w - an uncursed amulet of harm
 R - a ring of protection from fire (right tentacle)
Wands
 c - a wand of enslavement (0/24)
 d - a wand of random effects (4/48)
 z - a wand of cold (0/15)
 B - a wand of digging (22/24)
 L - a wand of teleportation (3/9)
 P - a wand of enslavement (8/24)
 S - a wand of paralysis (1/24)
Scrolls
 e - 2 scrolls of recharging
 m - 3 scrolls of remove curse
 F - 3 scrolls of magic mapping
 I - 2 scrolls of teleportation
 O - 2 scrolls of fear
Potions
 p - a potion of curing
 x - 2 potions of poison {unknown}
 A - a potion of agility
 D - a potion of magic
 J - 2 potions of ambrosia
Books
 N - a book of the Earth

   Spells                             Type                      Level
   a - Leda's Liquefaction            Hexes/Earth                  4
   b - Bolt of Magma                  Conjuration/Fire/Earth       5
   c - Statue Form                    Transmutation/Earth          6
   d - Iron Shot                      Conjuration/Earth            6
   e - Shatter                        Earth                        9
Comestibles
 a - 5 fruits
 b - 15 royal jellies
 f - 13 bread rations
 q - 8 meat rations
 v - 12 beef jerkies


   Skills:
 - Level 1.0 Fighting
 - Level 1.0(2.3) Short Blades
 + Level 3.3(3.4) Long Blades
 * Level 4.7 Slings
 * Level 9.9 Dodging
 * Level 13.2 Stealth
 * Level 6.1 Shields
 + Level 5.0 Invocations
 + Level 7.9 Evocations


You had 4 spell levels left.
You knew the following spells:

 Your Spells              Type           Power        Failure   Level  Hunger
a - Statue Form           Trmt/Erth      #........    100%        6    #######


Dungeon Overview and Level Annotations

Branches:
Dungeon (11/15)            Temple (1/1) D:7
   Lair: D:8-11         Orc: D:9-12

Altars:
Ashenzari
Cheibriados
Dithmenos
Elyvilon
Fedhas
Gozag
Kikubaaqudgha
Makhleb
Nemelex Xobeh
Okawaru
Pakellas
Qazlal
Ru
Sif Muna
Trog
Vehumet
Xom
Yredelemnul
Zin
The Shining One

Shops:
D:7 %   D:9 (!


Innate Abilities, Weirdness & Mutations

You cannot wear most types of armour.
You are amphibious.
You can wear up to eight rings at the same time.
You can use your tentacles to constrict eight enemies at once.
Your skin changes colour to match your surroundings (Stealth).
Your rubbery body absorbs attacks (AC +1).
You are surrounded by a mild repulsion field (EV +2).
You are partially covered in molten scales (AC +1).
You are partially covered in thin metallic scales (AC +2).
Scrolls take you a little longer to read.
You are clumsy. (Dex -2)
Your flesh is cold resistant.
Your system is resistant to poisons.
Your natural rate of healing is unusually fast.
Your muscles are strong. (Str +2)
You evolve.


Message History

The manticore resists with some effort.
This wand has 3 charges left.
The hound closely misses you.
The manticore bites you but does no damage.
The manticore barely misses you. The manticore misses you.
The hound misses you.
Evoke which item? (* to show all) (? for menu, Esc to quit)
Zapping:
S - a wand of paralysis (3/24)
Press: ? - help, Shift-Dir - straight line, f/p - manticore
Aim: a manticore (lightly wounded, poisoned, chance to defeat MR: 45%)
The manticore resists with some effort.
This wand has 2 charges left.
The hound bites you but does no damage. The manticore barely misses you.
The manticore completely misses you. The manticore claws you!
Evoke which item? (* to show all) (? for menu, Esc to quit)
Zapping:
S - a wand of paralysis (2/24)
Press: ? - help, Shift-Dir - straight line, f/p - manticore
Aim: a manticore (moderately wounded, poisoned, chance to defeat MR: 45%)
The manticore resists with some effort.
This wand has 1 charge left.
The hound barely misses you. The manticore bites you!!
You die...
Fedhas appreciates your contribution to the ecosystem.

#########################
.........................
####..###########.#######
#..# #########.########
.............f@h...(.(..
#####...########H..(#....
...# #....# . .≈≈≈≈
.....# ≈≈≈≈≈ ....(.#
.≈≈...((# ;≈≈......#
≈;(≈≈.....( .≈≈(J.......#


You could see a manticore, a hound and a friendly wandering mushroom.

Vanquished Creatures
  An unseen horror (D:10)
  2 hill giants (D:10)
  A harpy (D:10)
  An ugly thing (D:10)
  A queen bee (D:10)
  A troll (D:11)
  2 wandering mushrooms
  Grinder (D:6)
  A steam dragon (D:8)
  Edmund (D:6)
  A wolf (D:11)
  A water moccasin (D:6)
  An orc warrior (D:8)
  An ice beast (D:6)
  Duvessa (D:6)
  A black bear (D:10)
  4 phantoms
  5 sky beasts
  3 ogres
  4 centaurs
  3 big kobolds
  3 giant frogs
  Dowan (D:6)
  6 scorpions
  26 killer bees
  5 wights
  6 crimson imps
  A quasit (D:7)
  A centaur zombie (D:5)
  An orc priest (D:10)
  4 hounds
  2 jellies
  Ijyb (D:3)
  A centaur skeleton (D:7)
  A giant frog skeleton (D:5)
  2 iguanas
  6 orc wizards
  4 worker ants
  A hound zombie (D:6)
  A worker ant zombie (D:4)
  10 gnolls
  11 adders
  A shadow imp (D:7)
  An ooze (D:10)
  2 adder zombies (D:5)
  2 worms
  4 giant geckos
  50 orcs
  8 bats
  7 giant cockroaches
  20 goblins
  11 hobgoblins
  A jackal (D:5)
  27 kobolds
  6 quokkas
  4 ball pythons
  A giant gecko zombie (D:5)
  4 giant newts
  A jackal skeleton (D:5)
  4 quokka skeletons
  9 rats
294 creatures vanquished.

Vanquished Creatures (collateral kills)
  A hill giant (D:11)
  A cyclops (D:10)
  A troll (D:10)
  A hungry ghost (D:10)
  2 insubstantial wisps (D:8)
  A water moccasin (D:9)
  3 ice beasts
  2 phantoms
  2 sky beasts (D:8)
  An ogre (D:8)
  3 giant frogs
  9 killer bees
  5 wights
  2 jellies
  2 orc priests
  3 orc wizards
  2 iguanas
  A gnoll (D:7)
  A shadow imp (D:8)
  A giant gecko (D:8)
  8 orcs
  A giant cockroach (D:5)
  2 jackals (D:5)
  A giant gecko zombie (D:5)
  A kobold (D:9)
57 creatures vanquished.

Vanquished Creatures (others)
  Psyche (D:8)
  10 wandering mushrooms
  A giant frog (D:6)
  3 killer bees (D:10)
  A worker ant zombie (D:9)
  2 gnolls (D:7)
  2 plants (D:10)
  193 toadstools
213 creatures vanquished.

Grand Total: 564 creatures vanquished

Notes
Turn   | Place    | Note
--------------------------------------------------------------
     0 | D:1      | M4edhros the Octopode Artificer began the quest for the Orb.
     0 | D:1      | Reached XP level 1. HP: 13/13 MP: 3/3
   256 | D:2      | Reached XP level 2. HP: 11/18 MP: 4/4
   569 | D:2      | Reached XP level 3. HP: 23/23 MP: 5/5
   677 | D:3      | Found a snail-covered altar of Cheibriados.
   725 | D:3      | Noticed Ijyb
   738 | D:3      | Killed Ijyb
   738 | D:3      | Reached XP level 4. HP: 2/28 MP: 6/6
  1166 | D:3      | Reached skill level 4 in Stealth
  1245 | D:4      | Noticed a phantom
  1406 | D:4      | Reached XP level 5. HP: 16/33 MP: 7/7
  1721 | D:5      | Entered Level 5 of the Dungeon
  1772 | D:5      | Reached skill level 5 in Stealth
  1829 | D:5      | Reached XP level 6. HP: 10/38 MP: 9/9
  2121 | D:5      | Noticed a phantom
  2148 | D:6      | Noticed Grinder
  2276 | D:4      | Found a stormy altar of Qazlal.
  2716 | D:4      | Killed a phantom
  2716 | D:4      | Reached skill level 6 in Stealth
  2796 | D:5      | Reached XP level 7. HP: 35/43 MP: 10/10
  3039 | D:5      | You fall through a shaft for 2 floors!
  3166 | D:7      | Reached skill level 5 in Dodging
  3166 | D:7      | Reached skill level 7 in Stealth
  3273 | D:6      | Found a radiant altar of Vehumet.
  3460 | D:6      | Found a white marble altar of Elyvilon.
  3508 | D:6      | Noticed Duvessa
  3508 | D:6      | Noticed Dowan
  3524 | D:6      | Killed Duvessa
  3524 | D:6      | Reached skill level 5 in Evocations
  3543 | D:6      | Reached skill level 8 in Stealth
  3543 | D:6      | Reached XP level 8. HP: 13/48 MP: 11/11
  3807 | D:6      | Found a bloodstained altar of Trog.
  3853 | D:6      | Found a basalt altar of Yredelemnul.
  3857 | D:6      | Killed Grinder
  4004 | D:6      | Reached skill level 9 in Stealth
  4342 | D:7      | Found a staircase to the Ecumenical Temple.
  4351 | Temple   | Entered the Ecumenical Temple
  4398 | Temple   | Became a worshipper of Fedhas Madash
  4785 | D:2      | Gained mutation: You occasionally shout uncontrollably at your foes. [potion of mutation]
  4785 | D:2      | Gained mutation: Your body sometimes deteriorates upon taking damage. [potion of mutation]
  4785 | D:2      | Lost mutation: You occasionally shout uncontrollably at your foes. [potion of mutation]
  4860 | D:2      | Reached * piety under Fedhas
  4966 | D:2      | Found a deep blue altar of Sif Muna.
  5809 | D:2      | Found a burning altar of Makhleb.
  5825 | D:2      | Found a glowing golden altar of the Shining One.
  5825 | D:2      | Found a sacrificial altar of Ru.
  5843 | D:2      | Found a bloodstained altar of Trog.
  5847 | D:2      | Found an ancient bone altar of Kikubaaqudgha.
  6548 | D:4      | Reached ** piety under Fedhas
  6583 | D:4      | Reached skill level 1 in Shields
  6829 | D:5      | Reached skill level 10 in Stealth
  6829 | D:5      | Reached XP level 9. HP: 35/53 MP: 13/13
  6941 | D:6      | Killed Dowan
  6941 | D:6      | Reached skill level 1 in Invocations
  7049 | D:6      | Noticed Edmund
  7069 | D:6      | Killed Edmund
  7529 | D:7      | Found Emakhlahi's Food Shoppe.
  7798 | D:7      | Found a glowing silver altar of Zin.
  7912 | D:8      | Found an iron altar of Okawaru.
  8243 | D:8      | Reached skill level 11 in Stealth
  8256 | D:8      | Noticed Psyche
  8286 | D:8      | Your ally died
  8288 | D:8      | Reached XP level 10. HP: 44/58 MP: 12/15
  9086 | D:9      | Found Sesamoot's Antique Weapon Shoppe.
  9092 | D:9      | Bought a twisted long sword for 153 gold pieces
  9092 | D:9      | Identified the +10 long sword of Subterfuge {freeze, rF+++ rC- rN++ Str-3} (You bought it in a shop on level 9 of the Dungeon)
  9112 | D:9      | Found Afefummue's Distillery.
  9140 | D:9      | Bought a potion of mutation for 35 gold pieces
  9140 | D:9      | Bought a potion of heal wounds for 70 gold pieces
  9140 | D:9      | Gained mutation: You are clumsy. (Dex -2) [potion of mutation]
  9140 | D:9      | Gained mutation: Scrolls take you a little longer to read. [potion of mutation]
  9140 | D:9      | Gained mutation: Scrolls take you longer to read. [potion of mutation]
  9400 | D:9      | Reached *** piety under Fedhas
  9443 | D:9      | Reached skill level 1 in Slings
  9743 | D:9      | Found a shimmering altar of Xom.
  9806 | D:9      | Gained mutation: Your natural rate of healing is unusually fast. [mutagenic meat]
  9809 | D:9      | Gained mutation: You are surrounded by a mild repulsion field (EV +2). [mutagenic meat]
  9823 | D:9      | Reached skill level 1 in Long Blades
  9967 | D:10     | Entered Level 10 of the Dungeon
  9995 | D:10     | Gained mutation: You evolve. [mutagenic meat]
  9996 | D:10     | Gained mutation: You are partially covered in molten scales (AC +1). [mutagenic meat]
  9997 | D:10     | Lost mutation: Scrolls take you longer to read. [mutagenic meat]
  9998 | D:10     | Gained mutation: You are partially covered in thin metallic scales (AC +2). [mutagenic meat]
 10136 | D:10     | Noticed a hill giant
 10143 | D:10     | Killed a hill giant
 10143 | D:10     | Reached skill level 12 in Stealth
 10182 | D:10     | Reached skill level 5 in Shields
 10425 | D:10     | Noticed a cyclops
 10426 | D:10     | Noticed a brown ugly thing
 10515 | D:10     | Killed a brown ugly thing
 10519 | D:10     | Gained mutation: Your flesh is cold resistant. [mutagenic meat]
 10597 | D:10     | Noticed an unseen horror
 10604 | D:10     | Killed an unseen horror
 10604 | D:10     | Reached XP level 11. HP: 15/63 MP: 14/16
 10694 | D:10     | Killed a cyclops
 10722 | D:10     | Found a large runed door.
 10723 | D:10     | Found a large runed door.
 10736 | D:10     | Learned a level 6 spell: Statue Form
 10752 | D:10     | Found a blossoming altar of Fedhas.
 10752 | D:10     | Noticed a harpy
 10759 | D:10     | Killed a harpy
 10767 | D:10     | Found a sparkling altar of Nemelex Xobeh.
 10767 | D:10     | Noticed a storm dragon
 10882 | D:10     | Noticed a hill giant
 10891 | D:10     | Killed a hill giant
 10940 | D:10     | Reached skill level 13 in Stealth
 11193 | D:10     | Gained mutation: Your muscles are strong. (Str +2) [mutagenic meat]
 11194 | D:10     | Gained mutation: Your system is resistant to poisons. [mutagenic meat]
 11196 | D:10     | Lost mutation: Your body sometimes deteriorates upon taking damage. [mutagenic meat]
 11251 | D:11     | Noticed a hill giant
 11263 | D:11     | Found a snail-covered altar of Cheibriados.
 11330 | D:11     | Killed a hill giant
 11531 | D:11     | Reached skill level 5 in Invocations
 11534 | D:11     | Noticed a manticore
 11553 | D:11     | Slain by a manticore

Vault maps used:
D:1:      minmay_arrival_semitransparent, minivault_5
D:2:      lemuel_doored_altar, minmay_overflow_temple_star_hex
D:3:      lemuel_crystal_altar, first_bread, uniq_iyjb
D:4:      corexii_shantytown, nicolae_qazlal_general_emergency
D:5:      serial_undead, serial_undead_e, serial_undead_d, serial_undead_c,
          serial_undead_c
D:6:      kennysheep_ying_yang, overflow_temple_1_default, minivault_27,
          bloody_trog, uniq_grinder, uniq_duvessa, uniq_edmund
D:7:      kennysheep_mini, minmay_temple_entry_glass, serial_shops, shop,
          grunt_ogre_cave
D:8:      kennysheep_mini_moat, hangedman_misty_isle, uniq_psyche
D:9:      kennysheep_little_box, serial_shops,
          nicolae_shop_temple_entry_statues_fountains, nicolae_shop_stone
D:10:     serial_bayou_lagoon_a, kennysheep_flooded_box, jmf_multi_god_temple2
D:11:     erik_lair_island, basic_altar, serial_shops, shop, minmay_misc_feat_x
Temple:   circular_temple_6

Action                   |  1- 3 |  4- 6 |  7- 9 | 10-12 || total
-------------------------+-------+-------+-------+-------++-------
Melee: Short sword       |    51 |    93 |    74 |       ||   218
       Flail             |       |       |    78 |       ||    78
       Dagger            |       |       |   171 |    75 ||   246
       Great sword       |       |       |    19 |       ||    19
       Scimitar          |       |       |    14 |       ||    14
       Long sword        |       |       |       |   168 ||   168
 Fire: Hunting sling     |       |     2 |     1 |   143 ||   146
       Blowgun           |       |       |       |     6 ||     6
Invok: Evolution         |       |       |     4 |     9 ||    13
       Sunlight          |       |       |     1 |     3 ||     4
Evoke: Wand              |     4 |    16 |    33 |    23 ||    76
  Use: Potion            |     2 |     3 |     3 |     5 ||    13
       Scroll            |       |     3 |     6 |    15 ||    24
 Stab: Sleeping          |     2 |     4 |    49 |    14 ||    69
       Distracted        |       |     1 |     2 |       ||     3
       Paralysed         |       |       |       |     7 ||     7
       Confused          |       |       |       |     1 ||     1
  Eat: Chunk             |       |     7 |     5 |    14 ||    26
       Meat ration       |       |       |     2 |     2 ||     4
       Royal jelly       |       |       |     1 |     1 ||     2
